 Dungeon Crawl Stone Soup version 0.30-a0-881-g1ff12e1e11 (webtiles) character file.

Game seed: 11824402514987490479

252 Newt the Shooter (level 6, -1/40 HPs)
             Began as a Kobold Hunter on Mar 14, 2023.
             Killed from afar by an orc wizard (8 damage)
             ... with a puff of flame
             ... on level 3 of the Dungeon.
             The game lasted 00:02:16 (3158 turns).

Newt the Shooter (Kobold Hunter)                    Turns: 3158, Time: 00:02:16

Health: -1/40      AC:  4    Str:  9    XL:     6   Next: 36%
Magic:  6/6        EV: 14    Int: 10    God:
Gold:   177        SH:  0    Dex: 20    Spells: 5/5 levels left

rFire   . . .      SeeInvis .    a - +1 shortbow
rCold   . . .      Faith    .    (shield currently unavailable)
rNeg    + + .      Spirit   .    c - +1 leather armour
rPois   .          Reflect  .    (no helmet)
rElec   .          Rampage  .    (no cloak)
rCorr   .                        (no gloves)
Will    .....                    (no boots)
Stlth   ++                       (no amulet)
HPRegen 0.26/turn                h - ring of positive energy
MPRegen 0.10/turn                l - ring of positive energy

@: confused, ambrosia-drunk
A: small, no large weapons, nightstalker 3
a: no special abilities


You were on level 3 of the Dungeon.
You visited 1 branch of the dungeon, and saw 3 of its levels.

You collected 177 gold pieces.

Inventory:

Hand Weapons
 a - a +1 shortbow (weapon)
Armour
 c - a +1 leather armour (worn)
Jewellery
 h - a ring of positive energy (left hand)
 l - a ring of positive energy (right hand)
 o - a ring of wizardry
Wands
 i - a wand of flame (21)
Scrolls
 b - 2 scrolls of immolation
 d - 4 scrolls of teleportation
 j - 2 scrolls of summoning
 k - a scroll of poison
Potions
 e - a potion of cancellation
 f - 2 potions of ambrosia
 g - a potion of flight {unknown}
 m - a potion of might {unknown}
 n - a potion of heal wounds {unknown}


   Skills:
 - Level 5.0 Fighting
 + Level 7.8 Ranged Weapons
 - Level 2.4 Dodging
 - Level 1.3 Stealth


You had 5 spell levels left.
You didn't know any spells.
Your spell library contained the following spells:

 Spells                   Type           Power      Damage    Failure   Level
 Foxfire                  Conj/Fire      0%         2x1d4     47%         1
 Necrotise                Necr           0%         1d4       47%         1
 Dazzling Flash           Conj/Hex       0%         N/A       85%         3
 Frozen Ramparts          Ice            0%         1d1       85%         3
 Vampiric Draining        Necr           0%         2d6       85%         3
 Ice Form                 Ice/Tmut       0%         N/A       99%         4
 Summon Ice Beast         Ice/Summ       0%         N/A       99%         4
 Agony                    Necr           0%         N/A       100%        5
 Fireball                 Conj/Fire      0%         3d3       100%        5
 Silence                  Hex/Air        0%         N/A       100%        5
 Starburst                Conj/Fire      0%         6d3       100%        6


Dungeon Overview and Level Annotations

Branches:
Dungeon (3/15)

Altars:
Zin
The Shining One


Innate Abilities, Weirdness & Mutations

You are small and have problems with some larger weapons.
You are completely attuned to the shadows.


Message History

Deactivating autopickup; reactivate with Ctrl-A.
Unknown command.
You shoot an arrow. The orc barely misses you. Something hits you.
Unknown command.
You shoot an arrow. The orc closely misses you.
Something hits you but does no damage.
Unknown command.
You shoot an arrow. The orc misses you. Something hits you but does no damage.
The orc barely misses you. Something hits you.
Unknown command.
You shoot an arrow. The orc hits you with a +0 hand axe. Something hits you.
You shoot an arrow. The arrow hits the orc!
You kill the orc!
Something hits you.
Unknown command.
You shoot an arrow.
You hear some strange, mumbled words.
A magic dart appears from out of thin air!
The magic dart hits you!
* * * LOW HITPOINT WARNING * * *
You shoot an arrow. Something barely misses you.
You shoot an arrow. Something hits you but does no damage.
You shoot an arrow. Something hits you.
* * * LOW HITPOINT WARNING * * *
You hear some strange, mumbled words.
A magic dart appears from out of thin air!
The magic dart hits you.
* * * LOW HITPOINT WARNING * * *
You shoot an arrow. Something hits you but does no damage.
Unknown command.
You shoot an arrow. Something hits you.
* * * LOW HITPOINT WARNING * * *
Unknown command.
It was a potion of ambrosia.
You are confused.
You feel invigorated.
You hear some strange, mumbled words.
A puff of flame appears from out of thin air!
The puff of flame hits you!
You die...

####### ##......## ###..###
##..## ##..#####*
###._.....### #...........##
## #........##..###.
#####............)...
**#..{@.............†.#
*,..#))..............##
*,*,#..####.####...#.#
****,*,#...#.#..###...#.#*
*,,,,*,...##.)....#...#.,*
***,******,,*#..[..#...##*,,
*,,,,,,* *,,,+.._......# **,
*,,,^,,***..##.....##..## **
*,,,,,,,,,..............####


There were no monsters in sight!

Vanquished Creatures
  A phantom (D:2)
  An orc priest (D:3)
  Terence (D:3)
  6 adders
  A white imp (D:3)
  A worm (D:2)
  2 dart slugs (D:1)
  4 orcs (D:3)
  2 ball pythons (D:2)
  4 endoplasms
  5 giant cockroaches
  6 hobgoblins
  3 quokkas
  A bat (D:1)
  2 frilled lizards (D:2)
  2 goblins
  2 goblin skeletons (D:3)
  3 hobgoblin zombies (D:3)
  5 kobolds
  A kobold zombie (D:3)
  An orc skeleton (D:3)
  3 rats
57 creatures vanquished.

Vanquished Creatures (others)
  19 toadstools (D:3)
19 creatures vanquished.

Grand Total: 76 creatures vanquished

Notes
Turn   | Place    | Note
-------+----------+-------------------------------------------
     0 | D:1      | Newt the Kobold Hunter began the quest for the Orb.
     0 | D:1      | Reached XP level 1. HP: 12/12 MP: 1/1
   230 | D:1      | Reached XP level 2. HP: 18/18 MP: 2/2
   886 | D:2      | Reached XP level 3. HP: 23/23 MP: 3/3
   990 | D:2      | Found a faded altar of an unknown god.
  1476 | D:2      | Noticed a phantom
  1494 | D:2      | Killed a phantom
  1495 | D:2      | Reached skill level 5 in Fighting
  1495 | D:2      | Reached skill level 6 in Ranged Weapons
  1495 | D:2      | Reached XP level 4. HP: 13/31 MP: 4/4
  1495 | D:2      | Reached XP level 5. HP: 14/35 MP: 5/5
  2706 | D:3      | Noticed Terence
  2716 | D:3      | Killed Terence
  2717 | D:3      | Reached skill level 7 in Ranged Weapons
  2717 | D:3      | Reached XP level 6. HP: 13/40 MP: 6/6
  3069 | D:3      | Found a glowing golden altar of the Shining One.
  3106 | D:3      | Found a glowing silver altar of Zin.
  3157 | D:3      | HP: 2/40 [something (4)]
  3158 | D:3      | Killed from afar by an orc wizard

Illustrated notes

Levels and vault maps discovered:
D:1:      dpeg_arrival_court, layout_basic, minmay_domino_2
D:2:      layout_basic, shapermc_ecumenical_altar_mp_vishouse,
          palyth_stone_intersect
D:3:      layout_rooms, nicolae_tso_besieged_by_evil, overflow_temple_1_default,
          tgw_fedhas, uniq_terence

Skill      XL: |  1  2  3  4  5 |
---------------+----------------+-----
Fighting       | 3 5 |  5.0
Ranged Weapons | 6 7 |  7.8
Dodging        | |  2.4
Stealth        | |  1.3

Action                     |  1- 3 |  4- 6 || total
---------------------------+-------+-------++-------
   Fire: Shortbow          |    86 |    99 ||   185
    Use: Scroll            |     3 |     5 ||     8
         Potion            |     1 |     1 ||     2
 Armour: Leather armour    |    17 |     8 ||    25
  Dodge: Dodged            |    42 |    30 ||    72

Table legend: (Time is in decaauts)
 A = Elapsed time spent in this place.
 B = Non-inter-level travel time spent in this place.
 C = Inter-level travel time spent in this place.
 D = Time resting spent in this place.
 E = Time spent auto-exploring this place.
 F = Levels seen in this place.
 G = Mean time per level.
                   A        B        C        D        E       F      G
               +--------+--------+--------+--------+--------+-----+--------+
         Total |   3201 |   3092 |    109 |    729 |   2018 |   3 | 1067.0 |
       Dungeon |   3201 |   3092 |    109 |    729 |   2018 |   3 | 1067.0 |
               +--------+--------+--------+--------+--------+-----+--------+

Top non-repeatable levels by time:
     D:2: 1394 daAuts
     D:3: 1046 daAuts
     D:1: 761 daAuts
